 Dungeon Crawl Stone Soup version 0.27-a0-1196-g3e9cee4cb2 (webtiles) character file.

Game seed: 12927153128479903601

4734 ArcanElement the Unflinching (level 10, -3/83 HPs)
             Began as a Human Fighter on May 27, 2021.
             Was a Believer of the Shining One.
             Slain by an orc
             ... wielding a +0 halberd
              (6 damage)
             ... while paralysed
             ... in a bailey.
             The game lasted 00:23:45 (13292 turns).

ArcanElement the Unflinching (Human Fighter)       Turns: 13292, Time: 00:23:46

Health: -3/83      AC: 10    Str: 18    XL:     10   Next: 74%
Magic:  16/16      EV:  2    Int:  9    God:    the Shining One [**....]
Gold:   478        SH:  0    Dex: 22    Spells: 9/9 levels left

rFire    . . .     SeeInvis .   a - +0 long sword
rCold    + . .     Faith    .   c - +0 kite shield
rNeg     + + .     Spirit   .   b - +0 scale mail
rPois    .         Reflect  .   k - +0 helmet
rElec    .         Harm     .   (no cloak)
rCorr    .         Rampage  .   (no gloves)
Will     .....                  m - +0 pair of boots
Stlth    ..........             (no amulet)
HPRegen  0.23/turn              i - +6 ring of dexterity
MPRegen  0.15/turn              A - ring "Avud" {rC+ rN+}

@: paralysed, on berserk cooldown, slowed, glowing
A: robust 1, strong 1, subdued magic 1
a: Renounce Religion, Divine Shield


You were in a bailey.
You worshipped the Shining One.
The Shining One was pleased with you.
You visited 1 branch of the dungeon, and saw 9 of its levels.
You also visited: Bailey.

You collected 478 gold pieces.

Inventory:

Hand Weapons
 a - a +0 long sword (weapon)
 y - a +1 dagger of venom
 D - a +4 dagger
Missiles
 q - 17 boomerangs (quivered)
 r - 30 poisoned darts
 v - 2 atropa-tipped darts
Armour
 b - a +0 scale mail (worn)
 c - a +0 kite shield (worn)
 e - a +0 ring mail
 g - a +0 chain mail
 k - a +0 helmet (worn)
 m - a +0 pair of boots (worn)
Jewellery
 i - a +6 ring of dexterity (left hand)
 x - a ring of magical power
 A - the ring "Avud" (right hand) {rC+ rN+}
   (You found it on level 7 of the Dungeon)

   [ring of positive energy]

   It protects you from cold.
   It protects you from negative energy.
 B - a ring of wizardry
Wands
 w - a wand of iceblast (5)
Scrolls
 d - a scroll of vulnerability
 f - a scroll of enchant armour
 p - a scroll of magic mapping
 s - 2 scrolls of noise
 t - a scroll of silence
 u - a scroll of fog
 z - a scroll of fear {unknown}
 C - a scroll of immolation {unknown}
Potions
 h - 2 potions of heal wounds
 j - a potion of attraction {unknown}
 l - 2 potions of magic
 n - 4 potions of haste
 o - a potion of berserk rage
 E - 6 potions of curing


   Skills:
 + Level 5.8 Fighting
 + Level 8.1 Long Blades
 + Level 1.2 Throwing
 + Level 5.9 Armour
 + Level 3.8 Dodging
 + Level 6.4 Shields
 * Level 8.5 Invocations


You had 9 spell levels left.
You didn't know any spells.
Your spell library contained the following spells:

 Spells                   Type           Power      Damage    Failure   Level
 Animate Skeleton         Necr           0%         N/A       97%         1
 Apportation              Tloc           0%         N/A       97%         1
 Corona                   Hex            0%         N/A       97%         1
 Sandblast                Erth           0%         2d4       97%         1
 Summon Small Mammal      Summ           0%         N/A       97%         1
 Passwall                 Tmut/Erth      0%         N/A       99%         2
 Stone Arrow              Conj/Erth      0%         3d7       100%        3
 Petrify                  Tmut/Erth      0%         N/A       100%        4
 Irradiate                Conj/Tmut      0%         3d14      100%        5
 Lee's Rapid Deconstruct  Erth           0%         3d5*      100%        5
 Blade Hands              Tmut           0%         N/A       100%        6
 Statue Form              Tmut/Erth      0%         N/A       100%        6
 Dragon Form              Tmut           0%         N/A       100%        7


Dungeon Overview and Level Annotations

Branches:
Dungeon (9/15)             Temple (0/1) D:5            Lair (0/6) D:8
 Bailey (1/1)
    Orc: D:9-12

Altars:
Dithmenos
Gozag
Kikubaaqudgha
Trog
Zin
The Shining One

Shops:
D:6 !

Annotations:
D:7 2 runed translucent doors


Innate Abilities, Weirdness & Mutations

You are robust. (+10% HP)
Your muscles are strong. (Str +2)
Your spells are a little easier to cast, but a little less powerful.


Message History

The orc knight is moderately wounded.
You block the orc's attack.
The orc hits you from afar with a +0 halberd!
The orc hits you but does no damage.
The orc knight hits you with a +0 glaive!
You slash the orc knight!
The orc knight is moderately wounded.
The orc hits you but does no damage. You block the orc's attack.
The orc hits you with a +0 war axe. You block the orc's attack.
The orc knight hits you with a +0 glaive!!
You slash the orc!
You kill the orc!
You block the orc's attack.
The orc no longer looks unusually strong.
You block the orc knight's attack. The orc closely misses you.
Things that are here:
a +0 hand axe; a +0 spear You barely miss the orc.
The orc no longer looks unusually strong.
The orc knight hits you from afar with a +0 glaive!
You barely miss the orc. You block the orc's attack.
You slice the orc!!
You kill the orc!
The orc hits you from afar with a +0 halberd.
You slash the orc!
You kill the orc!
You are no longer berserk.
You pass out from exhaustion.
You feel yourself slow down.
The orc knight hits you from afar with a +0 glaive!
* * * LOW HITPOINT WARNING * * *
The orc hits you from afar with a +0 halberd.
* * * LOW HITPOINT WARNING * * *
The orc knight hits you from afar with a +0 glaive!
* * * LOW HITPOINT WARNING * * *
The orc hits you but does no damage.
The orc knight roars a battlecry!
The orc goes into a battle-frenzy!
The orc hits you from afar with a +0 halberd.
You die...

####### ############
###.....## ##........∩.##
o#...o...######..))..))....#
.'.......#...)#.))...).)...#
.'......))...)o.o.)..).)..∩#
.'.......#...)#))....))....#
.#.......######.@..........#
###.....## ##........∩.##
####### ############


You could see an orc knight and an orc (strong).

Vanquished Creatures
  A komodo dragon (D:8)
  A kobold demonologist (D:6)
  A hornet (D:8)
  A slime creature (D:8)
  A wyvern (D:7)
  2 steam dragons
  A water moccasin (D:7)
  3 ogres
  4 orc warriors
  2 necrophages
  An ice beast (D:6)
  2 phantoms
  3 centaurs
  A kobold brigand (D:6)
  A gnoll sergeant (D:6)
  3 bullfrogs
  A wyvern zombie (D:7)
  3 scorpions
  2 water moccasin skeletons
  6 wights
  4 centaur zombies
  2 gnoll shamans
  3 hounds
  3 jellies
  2 bullfrog zombies (D:6)
  An orc priest (D:6)
  2 centaur skeletons
  3 iguanas
  6 orc wizards
  A scorpion zombie (D:5)
  A killer bee zombie (D:6)
  3 hound skeletons
  A howler monkey zombie (D:7)
  12 gnolls
  A howler monkey skeleton (D:6)
  5 adders
  3 white imps
  An ufetubus (D:6)
  2 worms
  3 dart slugs
  46 orcs
  5 ball pythons
  2 endoplasms
  3 giant cockroaches
  2 goblins
  4 hobgoblins
  4 quokkas
  4 bats
  7 kobolds (D:6)
  6 rats
182 creatures vanquished.

Vanquished Creatures (others)
  A demonic plant (D:2)
  A fungus (D:2)
  22 plants
24 creatures vanquished.

Grand Total: 206 creatures vanquished

Notes
Turn   | Place    | Note
-------+----------+-------------------------------------------
     0 | D:1      | ArcanElement the Human Fighter began the quest for the Orb.
     0 | D:1      | Reached XP level 1. HP: 18/18 MP: 1/1
   414 | D:1      | Reached XP level 2. HP: 24/24 MP: 2/2
   670 | D:1      | Reached skill level 1 in Invocations
  1120 | D:2      | Reached XP level 3. HP: 29/29 MP: 3/3
  1289 | D:2      | Found a faded altar of an unknown god.
  2116 | D:3      | Found a glowing golden altar of the Shining One.
  2159 | D:3      | Became a worshipper of the Shining One
  2254 | D:3      | Noticed an ogre
  2494 | D:3      | Reached XP level 4. HP: 30/35 MP: 5/5
  2733 | D:4      | Noticed a scorpion
  2741 | D:4      | Killed a scorpion
  2742 | D:4      | Reached XP level 5. HP: 35/41 MP: 6/8
  3133 | D:4      | Noticed a phantom
  3148 | D:4      | Killed a phantom
  3149 | D:4      | Reached XP level 6. HP: 35/47 MP: 9/9
  3407 | D:4      | Reached skill level 1 in Dodging
  3581 | D:4      | Found an ancient bone altar of Kikubaaqudgha.
  3679 | D:5      | Entered Level 5 of the Dungeon
  3692 | D:5      | Reached XP level 7. HP: 29/52 MP: 10/10
  3925 | D:5      | Found a staircase to the Ecumenical Temple.
  4163 | D:5      | Reached skill level 5 in Invocations
  4284 | D:5      | Reached * piety under the Shining One
  4796 | D:5      | Reached XP level 8. HP: 57/60 MP: 11/11
  5067 | D:6      | Found Fophyff's Distillery.
  5358 | D:3      | Found a glowing silver altar of Zin.
  5358 | D:3      | Found an opulent altar of Gozag.
  5505 | D:3      | Found a bloodstained altar of Trog.
  5867 | D:6      | Noticed a kobold demonologist
  5868 | D:6      | Noticed an ice devil
  5878 | D:6      | Noticed an ice devil
  5878 | D:6      | Killed a kobold demonologist
  5879 | D:6      | Reached skill level 5 in Long Blades
  5889 | D:6      | Reached XP level 9. HP: 29/66 MP: 13/13
  5914 | D:6      | Reached ** piety under the Shining One
  6167 | D:6      | Reached skill level 5 in Shields
  6187 | D:6      | Reached skill level 5 in Armour
  7544 | D:6      | Reached skill level 5 in Fighting
  8557 | D:7      | Reached *** piety under the Shining One
  8825 | D:7      | Identified the ring "Avud" {rC+ rN+}
  8838 | D:7      | Reached XP level 10. HP: 44/74 MP: 15/15
  9610 | D:7      | Found a large runed translucent door.
  9611 | D:7      | Found a large runed translucent door.
 10505 | D:8      | Gained mutation: Your spells are a little easier to cast,
                  | but a little less powerful. [potion of mutation]
 10505 | D:8      | Gained mutation: Your muscles are strong. (Str +2) [potion
                  | of mutation]
 10505 | D:8      | Gained mutation: You are robust. (+10% HP) [potion of
                  | mutation]
 10598 | D:8      | HP: 4/81 [poisoned by a hornet]
 10956 | D:8      | Found a shadowy altar of Dithmenos.
 10975 | D:8      | Noticed a komodo dragon
 11323 | D:8      | Found a staircase to the Lair.
 11567 | D:8      | Killed a komodo dragon
 11568 | D:8      | Reached skill level 1 in Throwing
 12561 | D:9      | Found a flagged portal.
 12570 | Bailey   | Entered a bailey
 13251 | Bailey   | Noticed an orc knight
 13291 | Bailey   | HP: 3/83 [orc knight/+0 glaive (13)]
 13292 | Bailey   | Slain by an orc

Illustrated notes

Levels and vault maps discovered:
D:1:      dpeg_arrival_rhombus, layout_loops_ring, minivault_4,
          minmay_misc_feat_tiny
D:2:      layout_basic, shapermc_ecumenical_altar_gd, serial_bayou,
          serial_bayou_pond_c, serial_bayou_crossing, serial_bayou_ford_a,
          serial_bayou_pond_c, serial_bayou_lake_a, serial_bayou_pond_a
D:3:      layout_basic, grunt_temple_overflow_gold_and_silver, tso_metal_star,
          marbit_many_paths, grunt_ministairs_5
D:4:      layout_loops_ring, kennysheep_mini_moat
D:5:      layout_basic, minmay_temple_entry_sparse_star,
          hangedman_abyss_or_decor_passed
D:6:      minmay_recursive_quarters, layout_basic, serial_shops, shop
D:7:      layout_basic, jmf_multi_god_temple2, kennysheep_small_spiral
D:8:      layout_basic, nicolae_dithmenos_shadow_blocks, david_lair_shrubbed,
          minmay_quadrilaterals
D:9:      layout_gridville, enter_bailey_2, uniq_harold
Bailey:   bailey_polearm_5, bailey

Skill      XL: |  1  2  3  4  5  6  7  8  9 10 |
---------------+-------------------------------+-----
Invocations    | 1 2 4 5 6 7 8 |  8.5
Long Blades    | 3 4 5 7 8 |  8.1
Dodging        | 1 2 3 |  3.8
Armour         | 4 5 |  5.9
Shields        | 4 5 6 |  6.4
Fighting       | 4 5 |  5.8
Throwing       | 1 |  1.2

Action                   |  1- 3 |  4- 6 |  7- 9 | 10-12 || total
-------------------------+-------+-------+-------+-------++-------
Melee: Long sword        |    88 |    55 |   390 |   192 ||   725
       Dagger            |       |    10 |     5 |     5 ||    20
Throw: Dart              |       |       |     4 |    20 ||    24
       Boomerang         |       |       |       |     7 ||     7
Invok: Divine Shield     |       |       |     1 |     3 ||     4
Evoke: Wand              |       |       |     2 |     5 ||     7
  Use: Potion            |     1 |     1 |     5 |     4 ||    11
       Scroll            |       |       |     5 |     6 ||    11
Armor: Scale mail        |     2 |       |       |     4 ||     6
       Ring mail         |    26 |    46 |   141 |    55 ||   268
Dodge: Dodged            |    36 |    27 |   177 |   105 ||   345
Block: Kite shield       |    44 |    42 |   273 |   155 ||   514
       Rpst.: Long sword |    12 |     5 |    45 |    20 ||    82

Table legend: (Time is in decaauts)
 A = Elapsed time spent in this place.
 B = Non-inter-level travel time spent in this place.
 C = Inter-level travel time spent in this place.
 D = Time resting spent in this place.
 E = Time spent auto-exploring this place.
 F = Levels seen in this place.
 G = Mean time per level.
                   A        B        C        D        E       F      G
               +--------+--------+--------+--------+--------+-----+--------+
         Total |  13606 |  12780 |    826 |   3828 |   6882 |  10 | 1360.6 |
       Dungeon |  12878 |  12052 |    826 |   3326 |   6849 |   9 | 1430.9 |
        Bailey |    728 |    728 |      0 |    502 |     33 |   1 |  728.0 |
               +--------+--------+--------+--------+--------+-----+--------+

Top non-repeatable levels by time:
     D:6: 2514 daAuts
     D:7: 2040 daAuts
     D:8: 1971 daAuts
     D:5: 1918 daAuts
     D:4: 1373 daAuts
     D:2: 1346 daAuts
     D:1: 889 daAuts
     D:3: 815 daAuts
  Bailey: 728 daAuts
     D:9: 8 daAuts
